 Dungeon Crawl Stone Soup version 0.28.0-43-g3370ac3207 (console) character file.

Game seed: 3573729982764928576

7 Zeor the Sneak (level 2, 0/15 HPs)
             Began as a Vine Stalker Brigand on Mar 22, 2022.
             Slain by a hobgoblin (2 damage)
             ... on level 1 of the Dungeon.
             The game lasted 00:00:37 (308 turns).

Zeor the Sneak (Vine Stalker Brigand)                Turns: 308, Time: 00:00:38

Health: 0/15       AC:  3    Str: 13    XL:     2   Next: 4%
Magic:  0/3        EV: 11    Int: 11    God:
Gold:   16         SH:  0    Dex: 15    Spells: 1/1 levels left

rFire   . . .      SeeInvis .   a - +2 dagger
rCold   . . .      Faith    .   (no shield)
rNeg    . . .      Spirit   +   b - +0 robe
rPois   .          Reflect  .   (no helmet)
rElec   .          Harm     .   c - +0 cloak
rCorr   .          Rampage  .   (no gloves)
Will    .....                   (no boots)
Stlth   +++.......              (no amulet)
HPRegen 0.05/turn               (no ring)
MPRegen 0.08/turn               (no ring)

@: no status effects
A: fangs 2, magic shield, antimagic bite, no potion heal 2
a: no special abilities


You were on level 1 of the Dungeon.
You visited 1 branch of the dungeon, and saw 1 of its levels.

You collected 16 gold pieces.

Inventory:

Hand Weapons
 a - a +2 dagger (weapon)
Missiles
 d - 8 poisoned darts (quivered)
 e - 2 curare-tipped darts
Armour
 b - a +0 robe (worn)
 c - a +0 cloak (worn)


   Skills:
 + Level 1.7 Fighting
 + Level 1.8 Short Blades
 + Level 1.7 Throwing
 + Level 0.7 Dodging
 + Level 5.3 Stealth


You had one spell level left.
You didn't know any spells.
Your spell library was empty.

Dungeon Overview and Level Annotations

Branches:
Dungeon (1/15)

Altars:


Innate Abilities, Weirdness & Mutations

You have extremely sharp teeth.
When hurt, damage is shared between your health and your magic reserves.
Your bite disrupts and absorbs the magic of your enemies.
Potions cannot restore your health.


Message History

A hobgoblin comes into view.
A frilled lizard comes into view.
The hobgoblin shouts!
The frilled lizard hisses angrily.
The hobgoblin hits you. The hobgoblin hits you.
You hit the hobgoblin.
The hobgoblin is lightly wounded.
The frilled lizard closely misses you. The hobgoblin hits you.
You closely miss the hobgoblin.
The hobgoblin is lightly wounded.
The frilled lizard completely misses you.
The hobgoblin hits you but does no damage.
You hit the hobgoblin but do no damage.
The hobgoblin is lightly wounded.
The frilled lizard bites you. The hobgoblin hits you.
You hit the hobgoblin.
You bite the hobgoblin, but do no damage.
The hobgoblin is moderately wounded.
The frilled lizard bites you but does no damage.
The hobgoblin misses you.
You closely miss the hobgoblin.
The hobgoblin is moderately wounded.
The frilled lizard barely misses you. The hobgoblin hits you.
You completely miss the hobgoblin. Your bite misses the hobgoblin.
The hobgoblin is moderately wounded.
The frilled lizard barely misses you. The hobgoblin hits you.
You hit the hobgoblin.
The hobgoblin is severely wounded.
The frilled lizard closely misses you.
You barely miss the hobgoblin.
The hobgoblin is severely wounded.
The hobgoblin barely misses you.
You hit the hobgoblin but do no damage.
You bite the hobgoblin, but do no damage.
The hobgoblin is severely wounded.
The frilled lizard bites you.
* * * LOW HITPOINT WARNING * * *
The hobgoblin hits you.
You die... ∙∙∙∙∙▒∙∙∙∙∙∙∙∙∙∙∙∙ ∙∙∙∙∙∙∙∙∙∙∙∙∙∙∙∙∙ ∙∙ ∙▒∙∙∙∙▒▒∙∙∙▒▒∙∙∙▒▒▒∙∙ ∙∙∙∙∙∙∙∙∙∙∙∙∙∙∙∙∙∙∙∙∙ ∙∙∙∙∙∙∙∙∙∙∙∙∙∙∙∙∙∙∙∙∙ ∙∙∙∙∙∙∙▒▒∙∙∙∙∙∙∙∙∙∙∙∙ ∙∙∙∙∙∙∙∙∙∙∙∙∙∙∙∙∙∙∙∙∙∙

∙∙∙∙∙∙∙l∙∙∙∙▒∙∙∙▒∙∙∙∙▒
∙∙∙∙∙∙∙f∙∙∙∙▒∙∙∙▒∙∙∙∙▒▒∙
∙∙∙▒∙∙g∙∙∙∙∙▒(∙∙▒∙∙∙∙∙∙∙
▒∙∙∙∙∙∙∙∙▒∙∙∙▒∙∙∙∙∙∙∙
▒∙∙▒▒▒∙∙∙▒∙∙∙▒∙∙∙∙∙∙∙
∙∙∙∙∙∙∙∙∙∙∙∙∙∙∙∙∙▒∙∙∙∙
∙∙∙∙∙∙∙▒∙∙∙÷∙÷∙∙∙∙∙∙∙∙∙
∙∙∙∙∙▄∙∙∙∙∙▒∙∙∙∙∙÷∙∙∙∙∙∙
∙∙∙∙8∙8∙∙∙∙∙∙▒∙∙÷)∙▒∙▒∙▒


∙∙∙∙∙∙∙∙∙■∙∙÷∙∙∙∙∙∙∙ You could see a hobgoblin and a frilled lizard.

Vanquished Creatures
  3 ball pythons (D:1)
  A kobold (D:1)
  A quokka (D:1)
  A bat (D:1)
  A rat (D:1)
7 creatures vanquished.

Notes
Turn   | Place    | Note
-------+----------+-------------------------------------------
     0 | D:1      | Zeor the Vine Stalker Brigand began the quest for the Orb.
     0 | D:1      | Reached XP level 1. HP: 11/11 MP: 2/2
    21 | D:1      | Found a faded altar of an unknown god.
    35 | D:1      | Reached skill level 5 in Stealth
    75 | D:1      | Reached XP level 2. HP: 4/15 MP: 3/3
   308 | D:1      | Slain by a hobgoblin

Illustrated notes

Levels and vault maps discovered:
D:1:      sevenhm_arrival_forest_fort_small_4, layout_basic,
          dreamdust_ecumenical_altar_statues

Skill      XL: |  1 |
---------------+----+-----
Stealth        | 5 |  5.3
Fighting       | |  1.7
Short Blades   | |  1.8
Throwing       | |  1.7
Dodging        | |  0.7

Action                   || total
-------------------------++-------
Melee: Dagger            ||    28
       Bite              ||     3
 Stab: Sleeping          ||     1
Armor: Robe              ||    11
Dodge: Dodged            ||    19
